 Dungeon Crawl Stone Soup version 0.20.1-1-g8b1a95d (webtiles) character file.

116 JeffiDaFish the Ducker (level 4, -1/23 HPs)
             Began as a Spriggan Monk on Oct 23, 2017.
             Slain by a killer bee zombie (3 damage)
             ... on level 3 of the Dungeon.
             The game lasted 00:06:03 (2114 turns).

JeffiDaFish the Ducker (Spriggan Monk)              Turns: 2114, Time: 00:06:03

Health: -1/23      AC:  2    Str:  7    XL:     4   Next: 70%
Magic:  5/5        EV: 18    Int: 11    God:
Gold:   198        SH:  0    Dex: 19    Spells: 3/3 levels left

rFire    . . .     SeeInvis +   a - +0 short sword
rCold    . . .     Gourm    .   (shield restricted)
rNeg     . . .     Faith    .   b - +0 robe
rPois    .         Spirit   .   (helmet restricted)
rElec    .         Reflect  .   (no cloak)
rCorr    .         Harm     .   (gloves unavailable)
MR       .....                  (boots unavailable)
Stlth    +++.......             (no amulet)
Regen    0.1/turn               g - -3 ring of evasion (curse)
MPRegen  0.1/turn               (no ring)

@: very quick
A: unfitting armour, see invisible, herbivore 3, speed 3, slow metabolism 2
a: no special abilities


You were on level 3 of the Dungeon.
You were not hungry.

You visited 1 branch of the dungeon, and saw 3 of its levels.

You collected 198 gold pieces.

Inventory:

Hand Weapons
 a - a +0 short sword (weapon)
Armour
 b - a +0 robe (worn)
Jewellery
 g - a cursed -3 ring of evasion (left hand)
Scrolls
 f - 4 scrolls of identify
Comestibles
 c - 4 bread rations
 d - 2 royal jellies


   Skills:
 + Level 2.9 Fighting
 + Level 4.5 Short Blades
 * Level 5.0 Dodging
 * Level 4.9 Stealth


You had 3 spell levels left.
You didn't know any spells.

Dungeon Overview and Level Annotations

Branches:
Dungeon (3/15)

Altars:
Yredelemnul

Annotations:
D:3 Dazliare's ghost, amateur FoWr


Innate Abilities, Weirdness & Mutations

You are very small and have problems with some larger weapons.
You are too small for most types of armour.
You have supernaturally acute eyesight. (SInv)
You are a herbivore.
You cover ground extremely quickly.
You need consume almost no food.


Message History

You barely miss the killer bee zombie.
The killer bee zombie is lightly damaged.
The killer bee zombie hits you.
* * * LOW HITPOINT WARNING * * *
The killer bee zombie misses you.
You feel better. The killer bee zombie misses you.
The killer bee zombie completely misses you.
You hit the killer bee zombie.
The killer bee zombie is lightly damaged.
The killer bee zombie completely misses you.
You hit the killer bee zombie.
The killer bee zombie is moderately damaged.
The killer bee zombie hits you!
* * * LOW HITPOINT WARNING * * *
The killer bee zombie hits you.
* * * LOW HITPOINT WARNING * * *
You barely miss the killer bee zombie.
The killer bee zombie is moderately damaged.
The killer bee zombie hits you.
You die...

........########
................#
................#
................#
.............#
.............#
...[...<.....#
#######'##########
#......@Z..#
##########.#


You could see a killer bee zombie.

Vanquished Creatures
  A gnoll (D:1)
  6 adders
  A dart slug (D:2)
  A leopard gecko (D:1)
  5 bats
  4 giant cockroaches
  4 goblins
  6 hobgoblins
  3 jackals (D:2)
  6 kobolds
  2 quokkas (D:2)
  2 ball pythons (D:1)
  3 frilled lizards (D:1)
  4 rats
48 creatures vanquished.

Notes
Turn   | Place    | Note
-------+----------+-------------------------------------------
     0 | D:1      | JeffiDaFish the Spriggan Monk began the quest for the Orb.
     0 | D:1      | Reached XP level 1. HP: 11/11 MP: 2/2
   179 | D:1      | Reached XP level 2. HP: 15/16 MP: 3/3
   531 | D:1      | Reached XP level 3. HP: 17/19 MP: 4/4
  1371 | D:2      | Reached XP level 4. HP: 20/23 MP: 5/5
  2037 | D:3      | Found a basalt altar of Yredelemnul.
  2045 | D:3      | Reached skill level 5 in Dodging
  2052 | D:3      | Noticed an ogre
  2074 | D:3      | Noticed Dazliare's ghost (amateur FoWr)
  2113 | D:3      | HP: 1/23 [killer bee zombie (3)]
  2114 | D:3      | Slain by a killer bee zombie

Skill      XL: |  1  2  3  4 |
---------------+-------------+-----
Short Blades   | 4 |  4.5
Stealth        | 4 |  4.9
Dodging        | 5 |  5.0
Fighting       | |  2.9

Action                   |  1- 3 |  4- 6 || total
-------------------------+-------+-------++-------
Melee: Short sword       |   142 |    77 ||   219
  Use: Scroll            |     6 |       ||     6
       Potion            |     3 |     2 ||     5
 Stab: Sleeping          |    11 |     3 ||    14
       Distracted        |     1 |       ||     1
Armor: Robe              |     7 |     3 ||    10
Dodge: Dodged            |   127 |    62 ||   189
